[Event "FIDE WCCC Girls-10 2024"]
[Site "Montesilvano"]
[Date "2024.11.19"]
[Round "5.40"]
[White "Vitsiuk, Aleksandra"]
[Black "Song, Rina"]
[Result "1-0"]
[ECO "B13"]
[WhiteElo "1476"]
[BlackElo "1599"]
[Annotator "NA RC"]
[PlyCount "119"]
[EventDate "2024.11.18"]
[EventType "swiss"]
[EventCountry "ITA"]
[SourceTitle "playchess.com"]
[Source "ChessBase"]
[SourceQuality "1"]
[TimeControl "5400+30"]

1. e4 c6 2. d4 d5 3. exd5 cxd5 4. Bd3 Nc6 5. c3 Qc7 6. Ne2 Bg4 7. Qb3 e6 8. Bf4 Qd7 9. Ng3 Nf6 10. h3 Bh5 11. Nxh5 Nxh5 12. Bh2 Be7 13. Nd2 Nf6 14. Nf3 O-O 15. O-O Na5 16. Qc2 Rac8 17. Be5 h6 18. Bh2 b5 19. Ne5 Qb7 20. Qe2 a6 21. a4 Nc4 22. axb5 axb5 23. Rfc1 Qb6 24. b3 Nd6 25. Bb1 b4 26. Qd3 Nde4 27. f3 Ng5 28. h4 Ngh7 29. Nd7 Qc6 30. Nxf8 Rxf8 31. Qa6 Qxa6 32. Rxa6 Rc8 33. c4 dxc4 34. Rxc4 Rd8 35. Rac6 Bf8 36. Bc7 Rd7 37. Bxh7+ Nxh7 38. Ba5 Rb7 39. Rc8 g6 40. Bxb4 Kg7 41. Bxf8+ Nxf8 42. b4 Nd7 43. R8c7 Rxc7 44. Rxc7 Nb6 45. b5 Nd5 46. Rb7 Kf6 47. Kf2 Nc3 48. b6 Nd5 49. Rb8 Nxb6 50. Rxb6 Ke7 51. Ke3 f5 52. Kf4 Kf6 53. d5 Ke7 54. Rxe6+ Kf7 55. h5 g5+ 56. Kxf5 Kf8 57. d6 Kg7 58. d7 Kh7 59. d8=Q Kg7 60. Re7# 1-0

[Event "FIDE WCCC Girls-10 2024"]
[Site "Montesilvano"]
[Date "2024.11.19"]
[Round "5.43"]
[White "Damaso Tacoronte, Carolina"]
[Black "Mence, Jasmina"]
[Result "1/2-1/2"]
[ECO "C50"]
[WhiteElo "1875"]
[BlackElo "1542"]
[Annotator "NA RC"]
[PlyCount "73"]
[EventDate "2024.11.18"]
[EventType "swiss"]
[EventCountry "ITA"]
[SourceTitle "playchess.com"]
[Source "ChessBase"]
[SourceQuality "1"]
[TimeControl "5400+30"]

1. e4 e5 2. Nf3 Nc6 3. Bc4 Nf6 4. O-O h6 5. d4 d6 6. dxe5 dxe5 7. Qxd8+ Kxd8 8. Bxf7 Bc5 9. Bd5 Re8 10. Bxc6 bxc6 11. Nc3 Ba6 12. Rd1+ Kc8 13. Na4 Nxe4 14. Nxc5 Nxc5 15. Re1 e4 16. Nd4 Kb7 17. Be3 Rad8 18. Nf5 Ne6 19. Ng3 Nd4 20. Bxd4 Rxd4 21. Nf5 Rd7 22. Ng3 Rde7 23. Nf5 Rf7 24. Ng3 Rf4 25. Nh5 Rg4 26. h3 Rg5 27. Ng3 Rge5 28. Rad1 e3 29. fxe3 Rxe3 30. Rxe3 Rxe3 31. Nf5 Re5 32. Nxg7 Bc4 33. b3 Bd5 34. c4 Bxg2 35. Rd3 Rg5 36. Ne6 Rg8 37. Kf2 1/2-1/2